 Dungeon Crawl Stone Soup version 0.20-a0-984-ge8aa303 (webtiles) character file.

21 4thArraOfDagon the Skirmisher (level 2, 12/26 HPs)
             Began as a Bultungin Wanderer on Apr 10, 2017.
             Quit the game on level 4 of the Dungeon.
             The game lasted 00:01:52 (333 turns).

4thArraOfDagon the Skirmisher (Bultungin Wanderer)   Turns: 333, Time: 00:01:52

Health: 12/26      AC:  5    Str: 12    XL:     2   Next: 83%
Magic:  2/2        EV: 11    Int: 11    God:
Gold:   26         SH:  0    Dex: 13    Spells: 1/1 levels left

rFire    . . .     SeeInvis +   b - +0 spear
rCold    . . .     Gourm    .   (no shield)
rNeg     . . .     Faith    .   a - +2 leather armour
rPois    .         Spirit   .   (no helmet)
rElec    .         Reflect  .   (no cloak)
rCorr    .         Harm     .   (no gloves)
MR       .....                  (no boots)
Stlth    +.........             (no amulet)
Regen    0.1/turn               (no ring)
MPRegen  0.1/turn               (no ring)

@: seriously poisoned (12 -> 3)
A: short attention span, fangs 1, see invisible, strong nose
a: no special abilities


You were on level 4 of the Dungeon.
You were not hungry.

You visited 1 branch of the dungeon, and saw 4 of its levels.

You collected 26 gold pieces.

Inventory:

Hand Weapons
 b - a +0 spear (weapon)
 c - a +0 shortbow
Missiles
 d - 24 arrows
Armour
 a - a +2 leather armour (worn)
Magical Staves
 i - an uncursed staff of power {!a}
Scrolls
 j - a scroll of remove curse
Potions
 g - 2 potions of haste {unknown}
 h - a potion of heal wounds {unknown}
 m - a potion of flight {unknown}
 n - a potion of degeneration {unknown}
Comestibles
 f - a bread ration


   Skills:
 - Level 4.4 Fighting
   Level 3.0 Long Blades
 * Level 3.5 Polearms
 - Level 1.5 Bows
 - Level 1.5 Armour
 - Level 1.5 Dodging
   Level 3.0 Shields


You had one spell level left.
You didn't know any spells.

Dungeon Overview and Level Annotations

Branches:
Dungeon (4/15)
 Temple: D:4-7

Altars:


Innate Abilities, Weirdness & Mutations

You have a short attention span.
You have very sharp teeth.
You have supernaturally acute eyesight. (SInv)
Your uncanny sense of smell can sniff out nearby items.


Message History

Unknown command.
Found a stone staircase leading up.
There is a stone staircase leading up here.
Unknown command.
There is a stone staircase leading up here.
Your leather armour prevents you from hitting the scorpion.
The scorpion closely misses you.
You barely miss the scorpion. The scorpion misses you.
You hit the scorpion but do no damage. The scorpion stings you.
You hit the scorpion.
The scorpion is lightly wounded.
You closely miss the scorpion.
The scorpion is lightly wounded.
The scorpion stings you.
You are poisoned.
The scorpion poisons you!
You hit the scorpion but do no damage.
The scorpion is lightly wounded.
You feel sick. The scorpion stings you.
Are you sure you want to abandon this character and quit the game? (Confirm with "yes".)

##### ##...#
#..#.# #@##.#
#s##.# #<##.#
#.##.# #.##.#
#### #.##.#
........##.#
#..#.##.##.#
.#..#.....##.##


You could see a scorpion.

Vanquished Creatures
  An adder (D:2)
  A leopard gecko (D:1)
  2 giant cockroaches
  2 goblins
  A hobgoblin (D:3)
  A bat (D:2)
  2 frilled lizards (D:3)
  A rat (D:2)
11 creatures vanquished.

Notes
Turn   | Place    | Note
-------+----------+-------------------------------------------
     0 | D:1      | 4thArraOfDagon the Bultungin Wanderer began the quest for the Orb.
     0 | D:1      | 4thArraOfDagon set off with: a +2 leather armour, a +0 spear, a +0 shortbow, 24 arrows, a bread ration
     0 | D:1      | Reached XP level 1. HP: 20/20 MP: 1/1
    45 | D:1      | Reached skill level 1 in Polearms
   131 | D:2      | Reached XP level 2. HP: 19/26 MP: 2/2
   295 | D:4      | Noticed a scorpion
   333 | D:4      | Quit the game

Vault maps used:
D:1:      zaba_arrival_water, minmay_pentomino_s4
D:2:      nicolae_overflow_hidden_temple, nrook_mini_vaults, uniq_natasha
D:3:      lemuel_coloured_pillars_altar, kennysheep_minor_cross
D:4:      nicolae_ossuary_entry_giza, first_bread, lightli_sewer_entry_pipes,
          minmay_misc_feat_diagonals

Skill      XL: |  1 |
---------------+----+-----
Polearms       | 3 |  3.5
Fighting       | |  4.4
Long Blades    | |  3.0
Bows           | |  1.5
Armour         | |  1.5
Dodging        | |  1.5
Shields        | |  3.0

Action                   || total
-------------------------++-------
Melee: Spear             ||    42
       Bite              ||     4
  Use: Scroll            ||     4
Armor: Leather armour    ||     6
Dodge: Dodged            ||    15
